 Dungeon Crawl Stone Soup version 0.27-a0-1200-g94dc6ad4cf (webtiles) character file.

Game seed: 7484150885985433959

428976 Kinoniko the Slayer (level 25, -20/274 HPs)
             Began as a Kobold Berserker on June 1, 2021.
             Was the Champion of Trog.
             Succumbed to poison (poison gas)
             ... on level 5 of the Vaults.
             The game lasted 01:17:11 (54295 turns).

Kinoniko the Slayer (Kobold Berserker)             Turns: 54295, Time: 01:17:12

Health: -20/274    AC: 35    Str: 21    XL:     25   Next: 3%
Magic:  23/23      EV: 18    Int: 12    God:    Trog [******]
Gold:   4928       SH: 10    Dex: 18    Spells: 24/24 levels left

rFire    . . .     SeeInvis +   L - +8 Vampire's Tooth {vamp}
rCold    + + +     Faith    .   w - +2 buckler of the Modern Xeniums {+Inv rC++ Regen+ Int+3}
rNeg     + + +     Spirit   .   K - +7 plate armour "Jarch" {Slay+2 SInv}
rPois    .         Reflect  .   P - +2 helmet of Beogh's Inspiration {+Inv rElec rN++}
rElec    +         Harm     .   D - +2 cloak of the Thief {*Fog Slay-2 SInv Stlth+}
rCorr    .         Rampage  +   (no gloves)
Will     +++++     Clarity  +   Y - +2 pair of boots {rampage}
Stlth    ..........             v - necklace of Bloodlust {*Rage +Rage Will++ Int-3 Slay+6}
HPRegen  1.55/turn              O - ring of the Tortoise {AC+8}
MPRegen  0.18/turn              B - ring "Fyibli" {rC+ rN+ Will++}

@: berserking (expiring), lethally poisoned (-20 -> -149), studying
Transmutations, very quick
A: small, no large weapons, nightstalker 3, agile 1, clarity, deformed body,
inhibited regeneration
}: 2/15 runes: decaying, gossamer
a: Renounce Religion, Evoke Berserk Rage, Evoke Invisibility, Berserk, Trog's
Hand, Brothers in Arms


You were on level 5 of the Vaults.
You worshipped Trog.
Trog was exalted by your worship.
You visited 8 branches of the dungeon, and saw 40 of its levels.
You also visited: Sewer and Gauntlet.

You collected 6712 gold pieces.
You spent 1784 gold pieces at shops.

Inventory:

Hand Weapons
 e - a +9 antimagic quick blade
 n - the +9 long sword of the Mind {vorpal, rC+}
   (You found it on level 5 of the Lair of Beasts)

   It inflicts extra damage upon your enemies.
   It protects you from cold.
 y - the +8 arc blade {discharge, rElec}
   (You found it on level 7 of the Dungeon)

   It insulates you from electricity.
 L - the +8 Vampire's Tooth (weapon) {vamp}
   (You found it on level 10 of the Dungeon)

   It inflicts no extra harm, but heals its wielder when it wounds a living foe.
Missiles
 d - 5 curare-tipped darts
 t - 10 atropa-tipped darts
 z - 4 throwing nets
Armour
 h - +2 gold dragon scales
 w - the +2 buckler of the Modern Xeniums (worn) {+Inv rC++ Regen+ Int+3}
   (You found it on level 12 of the Dungeon)

   It affects your intelligence (+3).
   It greatly protects you from cold.
   It lets you turn invisible.
   It increases your rate of health regeneration.
 D - the +2 cloak of the Thief (worn) {*Fog Slay-2 SInv Stlth+}
   (You found it on level 3 of the Elven Halls)

   It affects your accuracy and damage with ranged weapons and melee attacks
   (-2).
   It lets you see invisible.
   It makes you more stealthy.
 G - a scarf of resistance
 H - +0 shadow dragon scales
 K - the +7 plate armour "Jarch" (worn) {Slay+2 SInv}
   (You found it on level 5 of the Vaults)

   It affects your accuracy and damage with ranged weapons and melee attacks
   (+2).
   It lets you see invisible.
 P - the +2 helmet of Beogh's Inspiration (worn) {+Inv rElec rN++}
   (You found it in a Gauntlet)

   It insulates you from electricity.
   It greatly protects you from negative energy.
   It lets you turn invisible.
 Y - a +2 pair of boots of rampaging (worn)
Jewellery
 k - the ring of Miolak {rN+ MP+9}
   (You took it off an orc warrior on level 8 of the Dungeon)

   [ring of magical power]

   It protects you from negative energy.
   It affects your magic capacity (+9).
 s - the brooch of Shielding {Spirit SH+8}
   (You bought it in a shop on level 2 of the Orcish Mines)

   [amulet of guardian spirit]

   It causes incoming damage to be divided between your reserves of health and
   magic.
   It affects your SH (+8).
 v - the necklace of Bloodlust (around neck) {*Rage +Rage Will++ Int-3 Slay+6}
   (You found it in a Gauntlet)

   [amulet of nothing]

   It affects your intelligence (-3).
   It affects your accuracy and damage with ranged weapons and melee attacks
   (+6).
   It lets you go berserk.
   It may make you go berserk in combat.
   It greatly increases your willpower.
 B - the ring "Fyibli" (right hand) {rC+ rN+ Will++}
   (You found it on level 4 of the Vaults)

   [ring of protection from cold]

   It protects you from cold.
   It protects you from negative energy.
   It greatly increases your willpower.
 O - the ring of the Tortoise (left hand) {AC+8}
   (You found it in a Gauntlet)

   [ring of protection]

   It affects your AC (+8).
 Q - the ring of Bodily Harmony {rPois Will+}
   (You found it in a Gauntlet)

   [ring of poison resistance]

   It protects you from poison.
   It increases your willpower.
 Z - the amulet of Vitality {Regen+ HP+15}
   (You found it on level 5 of the Vaults)

   [amulet of regeneration]

   It affects your health (+15).
   It increases your rate of health regeneration.
Wands
 c - a wand of iceblast (64)
 l - a wand of paralysis (13)
 q - a wand of polymorph (40)
 I - a wand of acid (25)
 J - a wand of digging (8)
 M - a wand of mindburst (27)
 S - a wand of flame (54)
Scrolls
 a - a scroll of holy word
 b - 18 scrolls of teleportation
 m - 5 scrolls of fear
 r - 6 scrolls of magic mapping
 u - 5 scrolls of blinking
 E - 7 scrolls of enchant weapon
 N - 9 scrolls of identify
 V - 3 scrolls of fog
Potions
 f - 9 potions of heal wounds
 g - 11 potions of curing
 i - 8 potions of flight
 j - 12 potions of ambrosia
 o - a potion of resistance
 p - 8 potions of lignification
 x - 12 potions of attraction
 A - 4 potions of haste
 F - 3 potions of magic
 R - 8 potions of mutation
 U - 6 potions of invisibility
 W - 3 potions of cancellation
 X - 3 potions of berserk rage
Miscellaneous
 C - a lightning rod (4/4)
 T - a condenser vane


   Skills:
 * Level 25.7 Fighting
 - Level 16.0 Short Blades
 * Level 11.1 Armour
 + Level 17.3 Dodging
 * Level 15.9 Stealth
 + Level 10.0 Shields
 - Level 20.1 Evocations


You had 24 spell levels left.
You didn't know any spells.
Your spell library contained the following spells:

 Spells                   Type           Power      Damage    Failure   Level
 Animate Skeleton         Necr           0%         N/A       99%         1
 Apportation              Tloc           0%         N/A       99%         1
 Corona                   Hex            0%         N/A       99%         1
 Foxfire                  Conj/Fire      0%         2x1d4     99%         1
 Magic Dart               Conj           0%         1d3       99%         1
 Pain                     Necr           0%         1d4       99%         1
 Summon Small Mammal      Summ           0%         N/A       99%         1
 Blink                    Tloc           N/A        N/A       100%        2
 Call Imp                 Summ           0%         N/A       100%        2
 Corpse Rot               Necr/Air       N/A        N/A       100%        2
 Slow                     Hex            0%         N/A       100%        2
 Static Discharge         Conj/Air       0%         N/A       100%        2
 Confusing Touch          Hex            0%         N/A       100%        3
 Conjure Flame            Conj/Fire      0%         6-21      100%        3
 Gell's Gravitas          Tloc           0%         N/A       100%        3
 Inner Flame              Hex/Fire       0%         N/A       100%        3
 Mephitic Cloud           Conj/Pois/Air  0%         N/A       100%        3
 Portal Projectile        Hex/Tloc       0%         N/A       100%        3
 Vampiric Draining        Necr           0%         2d6       100%        3
 Animate Dead             Necr           0%         N/A       100%        4
 Cause Fear               Hex            0%         N/A       100%        4
 Leda's Liquefaction      Hex/Erth       0%         N/A       100%        4
 Petrify                  Tmut/Erth      0%         N/A       100%        4
 Sticky Flame             Conj/Fire      0%         2d3       100%        4
 Summon Lightning Spire   Summ/Air       0%         N/A       100%        4
 Agony                    Necr           0%         N/A       100%        5
 Borgnjor's Vile Clutch   Necr/Erth      0%         N/A       100%        5
 Excruciating Wounds      Necr           0%         N/A       100%        5
 Fireball                 Conj/Fire      0%         3d3       100%        5
 Lightning Bolt           Conj/Air       0%         1d11      100%        5
 Metabolic Englaciation   Hex/Ice        0%         N/A       100%        5
 Silence                  Hex/Air        0%         N/A       100%        5
 Yara's Violent Unravell  Hex/Tmut       0%         3d3       100%        5
 Conjure Ball Lightning   Conj/Air       0%         3x3d6     100%        6
 Death Channel            Necr           0%         N/A       100%        6
 Simulacrum               Ice/Necr       0%         N/A       100%        6
 Statue Form              Tmut/Erth      0%         N/A       100%        6
 Ignition                 Fire           0%         3d3       100%        8
 Shatter                  Erth           0%         3d5*      100%        9
 Tornado                  Air            0%         N/A       100%        9


Dungeon Overview and Level Annotations

Branches:
Dungeon (15/15)            Temple (1/1) D:4            Lair (6/6) D:9
  Swamp (4/4) Lair:4       Spider (4/4) Lair:4        Slime (0/5) Lair:6
    Orc (2/2) D:11            Elf (3/3) Orc:2        Vaults (5/5) D:14
  Crypt (0/3) Vaults:3     Depths (0/5) D:15          Sewer (visited)
Gauntlet (visited)

Altars:
Cheibriados
Fedhas
Kikubaaqudgha
Makhleb
Nemelex Xobeh
Qazlal
Ru
Trog
Vehumet
Wu Jian
Xom
Yredelemnul
Zin
Beogh

Shops:
D:4 *   Orc:2 =*[(   Elf:1 [   Elf:2 ==:   Vaults:1 ?   Vaults:4 :

Annotations:
Swamp:2 2 transporters, Zuradu's ghost, adept DsCj


Innate Abilities, Weirdness & Mutations

You are small and have problems with some larger weapons.
You are completely attuned to the shadows.
You are agile. (Dex +2)
You possess an exceptional clarity of mind.
Armour fits poorly on your strangely shaped body.
You do not regenerate when monsters are visible.


Message History

Unknown command.
You hit the golden dragon but do no damage.
The golden dragon is severely wounded.
You are engulfed in poison gas.
You are more poisoned.
* * * LOW HITPOINT WARNING * * *
You feel extremely sick.
Unknown command.
You impale the golden dragon!!
The golden dragon is almost dead.
You are engulfed in poison gas.
You are more poisoned.
* * * LOW HITPOINT WARNING * * *
x2 You feel extremely sick.
The golden dragon breathes cold at you. The bolt of cold hits you. You resist.
* * * LOW HITPOINT WARNING * * *
You hear a shout!
You puncture the golden dragon!
You feel better.
You kill the golden dragon!
Trog accepts your kill.
The gold dragon scales are intact enough to wear.
You are engulfed in poison gas.
You are more poisoned.
* * * LOW HITPOINT WARNING * * *
x2 You feel extremely sick.
* * * LOW HITPOINT WARNING * * *
You feel extremely sick.
Things that are here:
+0 gold dragon scales; a golden dragon corpse
There is a lethal amount of poison in your body!
There is a lethal amount of poison in your body!
There is a lethal amount of poison in your body!
You are too berserk!
Okay, then.
You feel a strong urge to attack something.
* * * LOW HITPOINT WARNING * * *
You feel extremely sick.
Unknown command.
You die...

**************########
,,,,,,,,,,,,,,.......#
,,,,,,,,,,,,,,.......#
#################....#
................@....#
..................)()#
################..#..#
..................#..#
..................#..#
################..#..#
...............#..#..#
............)|.#..#..#
################..#..#


There were no monsters in sight!

Vanquished Creatures
  3 dread liches (Vaults:5)
  An ancient lich (Vaults:5)
  Sojobo (Vaults:3)
  Bai Suzhen (Spider:4)
  Saint Roka (Vaults:3)
  2 golden dragons (Vaults:5)
  Arachne (Spider:4)
  The ghost of Timoen the Unseen, an adept GnDe of Okawaru (Vaults:4)
  Jorgrun (Elf:1)
  A tentacled monstrosity (Vaults:5)
  2 liches (Vaults:5)
  Rupert (Orc:2)
  2 quicksilver dragons (Vaults:5)
  2 deep elf master archers (Elf:3)
  2 titans (Vaults:5)
  2 deep elf blademasters
  Frances (D:14)
  A sphinx (Vaults:3)
  4 tengu reavers
  A storm dragon (Vaults:5)
  4 shadow dragons (Vaults:5)
  Roxanne (Spider:4)
  3 fire giants (Vaults:5)
  2 iron dragons (Vaults:5)
  6 emperor scorpions
  7 deep elf sorcerers
  13 vault wardens
  2 ghost moths (Spider:4)
  4 frost giants
  A draconian knight (Vaults:3)
  An orc warlord (Orc:2)
  An emperor scorpion (shapeshifter) (Vaults:5)
  A cacodemon (Gauntlet)
  6 ghouls
  2 deep elf elementalists (Elf:3)
  3 very ugly things
  2 stone giants (Vaults:5)
  14 ironbound preservers
  2 war gargoyles
  The ghost of Jakan the Bludgeoner, an adept VSIE of Uskayaw (D:14)
  A vampire knight (Vaults:3)
  A deep elf demonologist (Vaults:1)
  The ghost of Froggeryz the Brawler, a journeyman DrBe of Trog (Lair:4)
  9 deep elf annihilators
  2 dire elephants
  5 bunyips
  8 entropy weavers
  A spark wasp (Spider:4)
  A minotaur (Gauntlet)
  4 deep elf death magi
  3 eleionomae
  2 shambling mangroves (Swamp:2)
  5 ettins
  Harold (D:7)
  8 deep elf high priests
  Josephine (D:15)
  5 yaktaur captains
  2 crystal guardians (Vaults:3)
  2 great orbs of eyes
  33 vault guards
  9 boulder beetles
  5 ironbound thunderhulks
  3 rakshasas (D:15)
  An ogre mage (Vaults:5)
  A ghost crab (Swamp:3)
  A peacekeeper (Vaults:3)
  2 catoblepae
  30 hydras
  9 ironbound frosthearts
  The ghost of 2tc the Cruncher, a journeyman DEIE of Sif Muna (Lair:3)
  9 centaur warriors
  15 two-headed ogres
  8 alligators
  A tengu warrior (D:13)
  2 deep troll earth magi (Vaults:5)
  6 ironbound beastmasters
  A shock serpent (shapeshifter) (Vaults:1)
  20 dancing weapons
  A spriggan berserker (Swamp:2)
  5 orc high priests
  5 hell knights (Vaults:5)
  A titan skeleton (Vaults:2)
  Sonja (Lair:2)
  13 deep elf knights
  7 goliath frogs
  A glowing orange brain (D:15)
  A spriggan druid (Swamp:4)
  A death drake (Swamp:3)
  10 deep elf archers
  33 deep trolls
  2 phantasmal warriors (Vaults:5)
  13 swamp dragons
  9 lindwurms
  9 ironbound convokers
  A lindwurm (shapeshifter) (Vaults:5)
  Pikel (D:8)
  4 orc knights (Orc:2)
  5 wizards
  15 orb spiders
  22 deep elf pyromancers
  22 deep elf zephyrmancers
  3 necromancers
  A sphinx zombie (Vaults:2)
  A stone giant zombie (Vaults:1)
  9 harpies
  4 oklob plants (Lair:4)
  A shining eye (shapeshifter) (Elf:3)
  7 orc sorcerers
  24 wolf spiders
  25 ugly things
  3 manticores
  A frost giant zombie (Vaults:4)
  3 will-o-the-wisps
  7 cyclopes
  A guardian serpent (shapeshifter) (Elf:2)
  11 elephants
  A stone giant skeleton (Vaults:4)
  16 vault sentinels
  An elephant (shapeshifter) (Elf:2)
  2 black mambas
  2 torpor snails
  18 cane toads
  A yaktaur zombie (Vaults:4)
  A yaktaur (shapeshifter) (D:15)
  23 yaktaurs
  10 rime drakes
  2 freezing wraiths (Vaults:5)
  11 demonic crawlers
  11 komodo dragons
  4 tengu conjurers
  An efreet (D:14)
  3 human skeletons
  6 polar bears
  4 trolls
  39 jumping spiders
  4 meliai
  A queen bee (Spider:1)
  A bloated husk (Swamp:3)
  20 hornets
  Grinder (D:5)
  12 tyrant leeches
  15 blink frogs
  6 dream sheep
  24 slime creatures
  2 human simulacra
  4 flying skulls (Gauntlet)
  5 vampires
  An air elemental (Elf:3)
  68 redbacks
  2 spriggans (shapeshifter) (Vaults:5)
  5 shadows
  27 tarantellas
  23 spriggans
  4 water elementals
  36 yaks
  12 wraiths
  9 wyverns
  Grum (D:11)
  2 elf skeletons
  2 fire elementals
  3 basilisks
  A golden eye (shapeshifter) (D:14)
  2 neqoxecs (Gauntlet)
  2 steam dragons
  5 vampire mosquitoes
  Menkaure (D:7)
  3 wargs
  18 swamp worms
  Edmund (D:4)
  Duvessa (D:4)
  An acid dragon (D:10)
  23 water moccasins
  44 orc warriors
  An ice beast (D:7)
  11 swamp drakes
  5 black bears
  2 necrophages
  A sky beast (D:6)
  37 wolves
  A tengu (shapeshifter) (Vaults:5)
  8 ogres
  13 boggarts
  16 centaurs
  2 kobold brigands
  15 bullfrogs
  2 wyvern zombies
  2 scorpions
  An ogre simulacrum (Vaults:4)
  2 earth elementals
  Dowan (D:4)
  A water moccasin skeleton (D:4)
  23 killer bees
  An electric eel (Spider:4)
  3 wights (D:9)
  5 howler monkeys
  7 centaur zombies
  A bullfrog zombie (D:6)
  6 jellies
  A bullfrog skeleton (D:6)
  21 orc priests
  4 hounds
  2 centaur skeletons (D:5)
  3 iguanas (D:5)
  24 orc wizards
  Natasha (D:2)
  A killer bee zombie (D:7)
  A hound skeleton (D:5)
  2 howler monkey zombies
  Robin (D:2)
  4 gnolls (D:3)
  6 adders
  2 river rats (Sewer)
  2 white imps
  An adder skeleton (D:4)
  3 worms
  3 dart slugs
  86 orcs
  4 ball pythons
  4 endoplasms
  4 giant cockroaches
  14 goblins
  13 hobgoblins
  9 jackals
  9 kobolds
  A quokka (D:1)
  4 bats
  2 frilled lizards (D:2)
  12 rats
  A butterfly (Lair:6)
1569 creatures vanquished.

Vanquished Creatures (collateral kills)
  A thorn hunter (Swamp:4)
  2 emperor scorpions (Spider:4)
  A yaktaur captain (Vaults:5)
  A vault guard (Vaults:5)
  A hydra (Lair:4)
  2 hell knights (Vaults:5)
  An ironbound convoker (Vaults:5)
  2 wolf spiders (Spider:4)
  A moth of wrath (Spider:4)
  A rime drake (Swamp:4)
  A jumping spider (Spider:4)
  3 redbacks (Spider:4)
  A swamp drake (Swamp:4)
18 creatures vanquished.

Vanquished Creatures (others)
  Frederick (Vaults:3)
  Asterion (Vaults:3)
  2 deep elf zephyrmancers
  An elephant (Lair:6)
  7 bloated husks
  A hornet (Swamp:4)
  A swamp worm (Swamp:4)
  2 orc wizards (Orc:2)
  A butterfly (Lair:6)
  4 foxfires (Swamp:3)
  45 fungi
  59 plants
  2 withered plants (Gauntlet)
127 creatures vanquished.

Grand Total: 1714 creatures vanquished

Notes
Turn   | Place    | Note
-------+----------+-------------------------------------------
     0 | D:1      | Kinoniko the Kobold Berserker began the quest for the Orb.
     0 | D:1      | Reached XP level 1. HP: 14/14 MP: 1/1
   124 | D:1      | Reached XP level 2. HP: 7/19 MP: 2/2
  1188 | D:1      | Reached skill level 5 in Short Blades
  1188 | D:1      | Reached XP level 3. HP: 18/24 MP: 3/3
  1478 | D:1      | Found a faded altar of an unknown god.
  1627 | D:1      | Reached ** piety under Trog
  1967 | D:2      | Reached XP level 4. HP: 29/29 MP: 4/4
  2160 | D:2      | Noticed Robin
  2168 | D:2      | Reached skill level 4 in Fighting
  2171 | D:2      | Killed Robin
  2364 | D:2      | Noticed Natasha
  2368 | D:2      | Killed Natasha
  2405 | D:2      | Reached XP level 5. HP: 28/33 MP: 5/5
  2781 | D:3      | Found a snail-covered altar of Cheibriados.
  2781 | D:3      | Found a sparkling altar of Nemelex Xobeh.
  2781 | D:3      | Found a blossoming altar of Fedhas.
  2781 | D:3      | Noticed a black bear
  2787 | D:3      | Killed a black bear
  2788 | D:3      | Reached XP level 6. HP: 40/40 MP: 6/6
  3011 | D:3      | Found a glowing drain.
  3015 | Sewer    | Entered a sewer
  3083 | Sewer    | Reached skill level 5 in Fighting
  3149 | Sewer    | Found a white marble altar of Elyvilon.
  3403 | D:3      | Reached *** piety under Trog
  3454 | D:3      | Found a large runed translucent door.
  3454 | D:3      | Found a large runed translucent door.
  4250 | D:3      | Found an ornate altar of the Wu Jian Council.
  4256 | D:3      | Reached XP level 7. HP: 44/44 MP: 7/7
  4258 | D:3      | Found a burning altar of Makhleb.
  4332 | D:4      | Noticed Edmund
  4347 | D:4      | Killed Edmund
  4704 | D:4      | Found a staircase to the Ecumenical Temple.
  4732 | D:4      | Noticed Duvessa
  4739 | Temple   | Entered the Ecumenical Temple
  4875 | D:4      | Noticed Dowan
  4884 | D:4      | Killed Duvessa
  4885 | D:4      | Reached skill level 6 in Fighting
  4885 | D:4      | Reached XP level 8. HP: 46/51 MP: 8/8
  4892 | D:4      | Killed Dowan
  4992 | D:4      | Reached skill level 10 in Short Blades
  5691 | D:4      | Reached **** piety under Trog
  5826 | D:4      | Found a glowing silver altar of Zin.
  5861 | D:4      | Found Diofuept's General Store.
  6076 | D:5      | Entered Level 5 of the Dungeon
  6217 | D:5      | Reached skill level 7 in Fighting
  6499 | D:5      | Noticed Grinder
  6509 | D:5      | Killed Grinder
  6510 | D:5      | Reached XP level 9. HP: 57/57 MP: 9/9
  6833 | D:5      | Found a stormy altar of Qazlal.
  7234 | D:5      | Found a sacrificial altar of Ru.
  7570 | D:6      | Reached skill level 8 in Fighting
  8704 | D:7      | Found a flagged portal.
  9028 | D:7      | Noticed Menkaure
  9045 | D:7      | Killed Menkaure
  9264 | D:7      | Reached XP level 10. HP: 65/65 MP: 10/10
  9485 | D:7      | Noticed Harold
  9487 | D:7      | Found the +8 arc blade {discharge, rElec}
  9507 | D:7      | Killed Harold
  9508 | D:7      | Reached skill level 9 in Fighting
  9800 | D:7      | Reached ***** piety under Trog
  9870 | D:7      | Reached skill level 15 in Short Blades
 10007 | D:7      | Identified the +1 dagger "Duprasia" {vorpal, rElec Will+
                  | Dex+4}
 10196 | D:8      | Noticed Pikel
 10201 | D:8      | Killed Pikel
 10202 | D:8      | Reached skill level 10 in Fighting
 10343 | D:8      | Reached XP level 11. HP: 72/73 MP: 11/11
 10487 | D:8      | Identified a scroll of acquirement
 10487 | D:8      | Acquired 1148 gold pieces
 10723 | D:8      | Identified the ring of Miolak {rN+ MP+9}
 10853 | D:8      | Noticed a two-headed ogre
 10858 | D:8      | Killed a two-headed ogre
 11717 | D:9      | Reached skill level 11 in Fighting
 11871 | D:9      | Identified the +7 dagger of Grandeur {vorpal, +Blink} (Trog
                  | gifted it to you on level 9 of the Dungeon)
 11871 | D:9      | Received a gift from Trog
 11885 | D:9      | Found a stormy altar of Qazlal.
 11926 | D:9      | Noticed a two-headed ogre
 11928 | D:9      | Noticed a centaur warrior
 11931 | D:9      | Killed a two-headed ogre
 11933 | D:9      | Noticed a two-headed ogre
 11935 | D:9      | Killed a centaur warrior
 11936 | D:9      | Reached skill level 5 in Dodging
 11940 | D:9      | Killed a two-headed ogre
 11941 | D:9      | Reached skill level 12 in Fighting
 12037 | D:9      | Noticed a two-headed ogre
 12046 | D:9      | Killed a two-headed ogre
 12261 | D:9      | Noticed a two-headed ogre
 12266 | D:9      | Reached XP level 12. HP: 82/82 MP: 12/12
 12272 | D:9      | Killed a two-headed ogre
 12460 | D:9      | Found a staircase to the Lair.
 13242 | D:10     | Entered Level 10 of the Dungeon
 13470 | D:10     | Reached skill level 1 in Evocations
 13477 | D:10     | Reached skill level 13 in Fighting
 13783 | D:10     | Found a radiant altar of Vehumet.
 13841 | D:10     | Noticed a two-headed ogre
 13848 | D:10     | Killed a two-headed ogre
 14232 | D:10     | Reached skill level 5 in Armour
 14261 | D:10     | Found the +8 Vampire's Tooth {vamp}
 14679 | D:11     | Noticed a boulder beetle
 14720 | D:11     | Killed a boulder beetle
 15137 | D:11     | Noticed Grum
 15161 | D:11     | Killed Grum
 15299 | D:11     | Found a staircase to the Orcish Mines.
 15309 | D:11     | Noticed a boulder beetle
 15330 | D:11     | Killed a boulder beetle
 15331 | D:11     | Reached XP level 13. HP: 89/89 MP: 13/13
 15782 | Lair:1   | Entered Level 1 of the Lair of Beasts
 15994 | Lair:1   | Reached skill level 14 in Fighting
 16087 | Lair:1   | Noticed a seven-headed hydra
 16096 | Lair:1   | Killed a seven-headed hydra
 16100 | Lair:1   | Reached skill level 5 in Evocations
 16169 | Lair:1   | Noticed a four-headed hydra
 16178 | Lair:1   | Killed a four-headed hydra
 16833 | Lair:2   | Found a gate leading to a gauntlet.
 16843 | Gauntlet | Entered a Gauntlet
 16843 | Gauntlet | Found a transporter.
 16876 | Gauntlet | Found a transporter.
 16884 | Gauntlet | Found a transporter.
 16890 | Gauntlet | Found a transporter.
 16896 | Gauntlet | Found the necklace of Bloodlust {*Rage +Rage Will++ Int-3
                  | Slay+6}
 16905 | Gauntlet | Found a transporter.
 16914 | Gauntlet | Noticed a cacodemon
 16937 | Gauntlet | Found a transporter.
 16952 | Gauntlet | Noticed a four-headed hydra
 16964 | Gauntlet | Found a transporter.
 16991 | Gauntlet | Found a transporter.
 17003 | Gauntlet | Found a transporter.
 17030 | Gauntlet | Found a transporter.
 17053 | Gauntlet | Found a transporter.
 17065 | Gauntlet | Found a transporter.
 17074 | Gauntlet | Found a transporter.
 17097 | Gauntlet | Found a transporter.
 17330 | Gauntlet | Found the ring of the Tortoise {AC+8}
 17332 | Gauntlet | Found a transporter.
 17420 | Gauntlet | Found a transporter.
 17427 | Gauntlet | Found a transporter.
 17441 | Gauntlet | Found a transporter.
 17510 | Gauntlet | Identified the +2 helmet of Beogh's Inspiration {+Inv rElec
                  | rN++}
 17676 | Gauntlet | Killed a cacodemon
 17685 | Gauntlet | Gained mutation: You tend to lose your temper in combat. [a
                  | neqoxec]
 17687 | Gauntlet | Gained mutation: Armour fits poorly on your strangely
                  | shaped body. [a neqoxec]
 17709 | Gauntlet | Lost mutation: You tend to lose your temper in combat.
                  | [potion of mutation]
 17709 | Gauntlet | Lost mutation: Armour fits poorly on your strangely shaped
                  | body. [potion of mutation]
 17709 | Gauntlet | Gained mutation: Armour fits poorly on your strangely
                  | shaped body. [potion of mutation]
 17709 | Gauntlet | Gained mutation: Your magical capacity is low. (-10% MP)
                  | [potion of mutation]
 17709 | Gauntlet | Gained mutation: You do not regenerate when monsters are
                  | visible. [potion of mutation]
 17709 | Gauntlet | Gained mutation: You expend magic power (3 MP) to
                  | strengthen your wands. [potion of mutation]
 17710 | Gauntlet | Lost mutation: Your magical capacity is low. (-10% MP)
                  | [potion of mutation]
 17710 | Gauntlet | Lost mutation: You expend magic power (3 MP) to strengthen
                  | your wands. [potion of mutation]
 17710 | Gauntlet | Gained mutation: You are agile. (Dex +2) [potion of
                  | mutation]
 17710 | Gauntlet | Gained mutation: You possess an exceptional clarity of
                  | mind. [potion of mutation]
 17717 | Gauntlet | Identified the ring of Bodily Harmony {rPois Will+}
 17778 | Gauntlet | Identified the +7 great mace of the Lame Duck {drain,
                  | Stlth+}
 17778 | Gauntlet | Noticed a minotaur
 17797 | Gauntlet | Killed a minotaur
 18133 | Lair:2   | Noticed a catoblepas
 18142 | Lair:2   | Killed a catoblepas
 18175 | Lair:2   | Found a snail-covered altar of Cheibriados.
 18233 | Lair:2   | Received a gift from Trog
 18239 | Lair:2   | Reached skill level 15 in Fighting
 18384 | Lair:2   | Noticed a four-headed hydra
 18395 | Lair:2   | Killed a four-headed hydra
 18637 | Lair:2   | Noticed Sonja
 18641 | Lair:2   | Killed Sonja
 18876 | Lair:2   | Reached XP level 14. HP: 98/98 MP: 14/14
 18938 | Lair:2   | Found a transporter.
 18940 | Lair:2   | Found a transporter.
 19656 | Lair:3   | Reached skill level 10 in Dodging
 20347 | Lair:3   | Found a runed translucent door.
 20348 | Lair:3   | Noticed 2tc's ghost (journeyman DEIE)
 20365 | Lair:3   | Killed 2tc's ghost
 20615 | Lair:3   | Reached skill level 16 in Fighting
 21226 | Lair:4   | Found a runed translucent gate.
 21226 | Lair:4   | Found a runed translucent gate.
 21226 | Lair:4   | Found a runed translucent gate.
 21236 | Lair:4   | Received a gift from Trog
 21675 | Lair:4   | Found a staircase to the Swamp.
 21708 | Lair:4   | Found a hole to the Spider Nest.
 21863 | Lair:4   | Reached ****** piety under Trog
 22143 | Lair:4   | Noticed Froggeryz's ghost (journeyman DrBe)
 22163 | Lair:4   | Killed Froggeryz's ghost
 22169 | Lair:4   | Reached XP level 15. HP: 105/105 MP: 15/15
 22237 | Lair:4   | Identified the +3 broad axe of the Imperium {vorpal, rElec
                  | rPois rCorr Dex-5}
 22687 | Lair:5   | Identified the +9 long sword of the Mind {vorpal, rC+}
 23359 | Lair:6   | Entered Level 6 of the Lair of Beasts
 23481 | Lair:6   | Reached skill level 17 in Fighting
 23538 | Lair:6   | Received a gift from Trog
 23621 | Lair:6   | Reached skill level 10 in Evocations
 23771 | Lair:6   | Reached skill level 1 in Shields
 24718 | Lair:6   | Found a staircase to the Slime Pits.
 25158 | Lair:5   | Identified the +8 hand axe "Vesu Qib" {vorpal, Contam rElec
                  | rCorr Str+6}
 25390 | D:12     | Reached XP level 16. HP: 114/114 MP: 16/16
 25472 | D:12     | Received a gift from Trog
 25613 | D:12     | Reached skill level 18 in Fighting
 25954 | D:12     | Identified the +2 buckler of the Modern Xeniums {+Inv rC++
                  | Regen+ Int+3}
 26551 | D:13     | Reached skill level 5 in Shields
 27566 | D:14     | Noticed Frances
 27589 | D:14     | Killed Frances
 27687 | D:14     | Found a gate to the Vaults.
 27879 | D:14     | Found a runed translucent gate.
 27886 | D:14     | Found a runed translucent gate.
 27887 | D:14     | Found a runed translucent gate.
 27893 | D:14     | Noticed Jakan's ghost (adept VSIE)
 27912 | D:14     | Killed Jakan's ghost
 28346 | D:15     | Entered Level 15 of the Dungeon
 28463 | D:15     | Reached skill level 19 in Fighting
 28542 | D:15     | Found a staircase to the Depths.
 28594 | D:15     | Received a gift from Trog
 28726 | D:15     | Noticed Josephine
 28756 | D:15     | Killed Josephine
 28872 | D:15     | Reached XP level 17. HP: 122/122 MP: 17/17
 29299 | Orc:1    | Entered Level 1 of the Orcish Mines
 29901 | Orc:2    | Entered Level 2 of the Orcish Mines
 30040 | Orc:2    | Found a runed translucent door.
 30041 | Orc:2    | Noticed Rupert
 30066 | Orc:2    | Killed Rupert
 30288 | Orc:2    | Found a staircase to the Elven Halls.
 30491 | Orc:2    | Received a gift from Trog
 30616 | Orc:2    | Reached skill level 5 in Stealth
 30700 | Orc:2    | Found Heivoath's Antique Armour Shop.
 30700 | Orc:2    | Found Seutreiw's General Store.
 30701 | Orc:2    | Found Zoemeok's Antique Weapon Shop.
 30705 | Orc:2    | Bought a smoking chain mail for 228 gold pieces
 30705 | Orc:2    | Identified the +1 chain mail "Uplisag" {rCorr Dex+3} (You
                  | bought it in a shop on level 2 of the Orcish Mines)
 30705 | Orc:2    | Bought a polished chain mail for 228 gold pieces
 30705 | Orc:2    | Identified the +0 chain mail of Okawaru's Esteem {rF-
                  | Dex+5} (You bought it in a shop on level 2 of the Orcish
                  | Mines)
 30715 | Orc:2    | Found Zaczad Geli's Jewellery Boutique.
 30721 | Orc:2    | Bought the brooch of Shielding {Spirit SH+8} for 891 gold
                  | pieces
 30721 | Orc:2    | Found the brooch of Shielding {Spirit SH+8}
 31701 | Swamp:1  | Entered Level 1 of the Swamp
 31765 | Swamp:1  | Received a gift from Trog
 32601 | Swamp:2  | Found a transporter.
 32603 | Swamp:2  | Noticed Zuradu's ghost (adept DsCj)
 32663 | Swamp:2  | Reached skill level 20 in Fighting
 32697 | Swamp:2  | Found a transporter.
 33108 | Swamp:2  | Reached XP level 18. HP: 129/129 MP: 18/18
 33284 | Swamp:2  | Found a bloodstained altar of Trog.
 33842 | Swamp:3  | Received a gift from Trog
 34206 | Swamp:3  | Reached skill level 10 in Stealth
 34580 | Swamp:4  | Entered Level 4 of the Swamp
 34953 | Swamp:4  | Got a decaying rune of Zot
 35673 | Spider:1 | Entered Level 1 of the Spider Nest
 35682 | Spider:1 | Reached skill level 21 in Fighting
 35871 | Spider:1 | Received a gift from Trog
 36517 | Spider:2 | Reached XP level 19. HP: 137/137 MP: 19/19
 38066 | Spider:3 | Received a gift from Trog
 38279 | Spider:3 | Identified the +4 long sword of Deformation {pain, rElec
                  | rF- Will- Stlth+}
 38526 | Spider:4 | Entered Level 4 of the Spider Nest
 38743 | Spider:4 | Identified Roxanne's Collected Works on the Mountains
 38743 | Spider:4 | Noticed Roxanne
 38777 | Spider:4 | Killed Roxanne
 38997 | Spider:4 | Received a gift from Trog
 39291 | Spider:4 | Noticed Bai Suzhen
 39325 | Spider:4 | Killed Bai Suzhen
 39484 | Spider:4 | Reached XP level 20. HP: 145/145 MP: 1/20
 39771 | Spider:4 | Got a gossamer rune of Zot
 39996 | Spider:4 | Reached skill level 22 in Fighting
 40030 | Spider:4 | Noticed Arachne
 40055 | Spider:4 | Killed Arachne
 40151 | Spider:4 | Identified the +7 long sword of Rischukh {flame, *Slow Fly
                  | rElec Str+5 Int-2}
 40464 | Vaults:1 | Entered Level 1 of the Vaults
 40668 | Vaults:1 | Received a gift from Trog
 40993 | Vaults:1 | Noticed a Hell Sentinel
 41031 | Vaults:1 | Noticed a Tzitzimitl
 41060 | Vaults:1 | Noticed a Hell Sentinel
 41475 | Vaults:1 | Found Ynoulahu's Magic Scroll Shop.
 41480 | Vaults:1 | Bought a scroll of magic mapping for 52 gold pieces
 41480 | Vaults:1 | Bought a scroll of magic mapping for 52 gold pieces
 41917 | Vaults:1 | Reached skill level 15 in Evocations
 43420 | Vaults:2 | You fall into a shaft and drop 1 floor!
 43638 | Vaults:3 | Received a gift from Trog
 43798 | Vaults:3 | Found a staircase to the Crypt.
 43798 | Vaults:3 | Found a basalt altar of Yredelemnul.
 43798 | Vaults:3 | Found an ancient bone altar of Kikubaaqudgha.
 43842 | Vaults:3 | Noticed Saint Roka
 43854 | Vaults:3 | Reached XP level 21. HP: 152/152 MP: 21/21
 43881 | Vaults:3 | Killed Saint Roka
 44310 | Vaults:3 | Reached skill level 23 in Fighting
 44423 | Vaults:3 | Received a gift from Trog
 44670 | Vaults:3 | Noticed Frederick
 44671 | Vaults:3 | Noticed Sojobo
 44671 | Vaults:3 | Noticed Asterion
 44690 | Vaults:3 | Killed Asterion
 44690 | Vaults:3 | Killed Frederick
 44754 | Vaults:3 | Killed Sojobo
 45278 | Vaults:4 | Found Ehuenyfo's Book Shoppe.
 45861 | Vaults:4 | Received a gift from Trog
 46096 | Vaults:4 | Reached XP level 22. HP: 160/160 MP: 22/22
 46172 | Vaults:4 | Reached skill level 15 in Dodging
 46298 | Vaults:4 | Found a runed translucent door.
 47139 | Vaults:4 | Noticed Timoen's ghost (adept GnDe)
 47165 | Vaults:4 | Killed Timoen's ghost
 47207 | Vaults:4 | Identified the ring "Fyibli" {rC+ rN+ Will++}
 47519 | Elf:1    | Entered Level 1 of the Elven Halls
 47746 | Elf:1    | Found Xakaledi's Antique Armour Shop.
 47751 | Elf:1    | Bought a scorched scale mail for 333 gold pieces
 47751 | Elf:1    | Identified the +1 scale mail of Tuuforis {Int+8 Dex-2
                  | Stlth+} (You bought it in a shop on level 1 of the Elven
                  | Halls)
 47820 | Elf:1    | Received a gift from Trog
 47829 | Elf:1    | Identified the Incunabulum of Attacks
 48176 | Elf:1    | Identified the +12 dagger "Vaneroge" {flame, rPois}
 48269 | Elf:1    | Noticed Jorgrun
 48292 | Elf:1    | Killed Jorgrun
 48293 | Elf:1    | Reached skill level 24 in Fighting
 48559 | Elf:2    | Received a gift from Trog
 48802 | Elf:2    | Found a shimmering altar of Xom.
 49071 | Elf:2    | Found a runed translucent gate.
 49071 | Elf:2    | Found a runed translucent gate.
 49071 | Elf:2    | Found a runed translucent gate.
 49148 | Elf:2    | Found Osorph's Jewellery Shop.
 49148 | Elf:2    | Found Wool's Jewellery Shop.
 49149 | Elf:2    | Found Ucaatua's Book Emporium.
 50108 | Elf:3    | Entered Level 3 of the Elven Halls
 50279 | Elf:3    | Reached XP level 23. HP: 168/168 MP: 23/23
 50303 | Elf:3    | Received a gift from Trog
 50866 | Elf:3    | Identified the +10 halberd of Undoing {holy, rN+ Int+5}
 51194 | Elf:3    | Identified the +5 hand crossbow "Sehis" {vorpal, Dex+3}
 51195 | Elf:3    | Found the +2 cloak of the Thief {*Fog Slay-2 SInv Stlth+}
 51215 | Elf:3    | Identified the +11 flail "Vyhojyew" {flame, Str+5 Dex-3}
 51253 | Elf:3    | Identified the +9 whip of Nubypnir {flame, rPois Str+4
                  | Int-2 Stlth+}
 51565 | Elf:3    | Identified the +1 plate armour of Somewhere Else {rF- Str+4
                  | Int+4}
 51576 | Elf:3    | Identified Kikubaaqudgha's Collected Works on Dark Magic
 52158 | Vaults:5 | Entered Level 5 of the Vaults
 52179 | Vaults:5 | Received a gift from Trog
 52321 | Vaults:5 | Reached skill level 25 in Fighting
 52489 | Vaults:5 | Identified the Almanac of Evil Heat
 52590 | Vaults:5 | Identified the +7 plate armour "Jarch" {Slay+2 SInv}
 52643 | Vaults:5 | Found the amulet of Vitality {Regen+ HP+15}
 52922 | Vaults:5 | Identified the +6 battleaxe of Resumed Hostilities {vorpal,
                  | +Rage Dex+3}
 52953 | Vaults:5 | Received a gift from Trog
 53009 | Vaults:5 | Reached XP level 24. HP: 176/176 MP: 23/23
 53100 | Vaults:5 | Identified the +10 long sword of Xoez {holy, rElec rC+
                  | Will+ Int-3}
 53148 | Vaults:5 | Noticed a golden dragon
 53155 | Vaults:5 | Reached skill level 10 in Armour
 53171 | Vaults:5 | Noticed a dread lich
 53177 | Vaults:5 | Killed a golden dragon
 53207 | Vaults:5 | Noticed an ancient lich
 53209 | Vaults:5 | Killed a dread lich
 53230 | Vaults:5 | Killed an ancient lich
 53410 | Vaults:5 | Noticed a dread lich
 53425 | Vaults:5 | Killed a dread lich
 53426 | Vaults:5 | Reached skill level 15 in Stealth
 53429 | Vaults:5 | Noticed a dread lich
 53476 | Vaults:5 | Killed a dread lich
 53752 | Vaults:5 | Received a gift from Trog
 53992 | Vaults:5 | Reached skill level 10 in Shields
 54155 | Vaults:5 | Reached XP level 25. HP: 183/183 MP: 23/23
 54294 | Vaults:5 | HP: 1/274 [poison (poison gas)]
 54295 | Vaults:5 | Succumbed to poison (poison gas)

Illustrated notes

Levels and vault maps discovered:
D:1:      matt_arrival_spirals, layout_basic,
          ebering_ecumenical_altar_abandoned, kennysheep_boxes
D:2:      layout_basic, uniq_natasha, uniq_robin
D:3:      layout_basic, jmf_multi_god_temple2, grunt_temple_overflow_open,
          gup_sewer_entry_bowl, item_on_display_b
D:4:      layout_cave_pods, zin_academy, minmay_temple_entry_sparse_star,
          serial_shops, shop, kennysheep_generic_room_15, uniq_duvessa,
          uniq_edmund
D:5:      layout_gridville, grunt_qazlal_clouds, hangedman_ru_absence,
          minmay_misc_feat_chi, uniq_grinder
D:6:      lemuel_ice_spiral_2, layout_rooms, dk_noncrumbling_4, dk_vineyard_3,
          nrook_mini_backslash, minmay_misc_feat_pillars, grunt_ministairs_12
D:7:      layout_loops_ring, enter_bailey_4, uniq_menkaure, uniq_harold
D:8:      layout_basic, minivault_10, nicolae_zen_rock_garden,
          nrook_mini_vaults, st_stairs_9, kennysheep_nub, uniq_pikel
D:9:      minmay_the_grid_octo_2x2 [minmay_the_grid_octo_concentric,
          minmay_the_grid_octo_77, minmay_the_grid_octo_vomiting_pacman,
          minmay_the_grid_octo_prize_big_c], layout_loops_corners,
          lair_entry_dummy, st_stairs_1
D:10:     layout_long_grid, marbit_many_paths, serial_rivers,
          chequers_serial_rivers_micro_b, chequers_serial_rivers_micro_b,
          chequers_serial_rivers_micro_c, chequers_serial_rivers_large_b,
          chequers_serial_rivers_micro_e, chequers_serial_rivers_small_b,
          minmay_guarded_unrand_vampires_tooth
D:11:     layout_roguey, orc_0_dummy, special_room [special_room_orc], uniq_grum
D:12:     layout_small_grid, minmay_splitting_lines
D:13:     layout_long_grid
D:14:     layout_roguey, erik_vaults_2, roderic_serpentine_path,
          ebering_ghost_rock_garden, minmay_lindwurm_lava, uniq_frances
D:15:     gammafunk_enter_depths_forms, layout_cave_pools,
          hangedman_decor_points, uniq_josephine
Temple:   cyrus_circular_temple
Lair:1:   layout_hall_layers, bh_autumn_forest_stairs, minmay_hedge_maze,
          lemuel_fruit_fields
Lair:2:   gammafunk_boulding_lane, layout_cellular_growth, basic_altar,
          gauntlet_entry_generic, uniq_sonja
Lair:3:   layout_cave_pods, ebering_ghost_inner_flame
Lair:4:   layout_regular_city, swamp_mist, spider_nest_entry_a,
          gammafunk_ghost_hydra_chop, minmay_lair_oklob_chamber
Lair:5:   layout_gridlike
Lair:6:   minmay_lair_end_enchanted_forest, layout_small_grid,
          nicolae_slime_entry_slimehenge, grunt_megastairs_3,
          infiniplex_staircase_pool_2, lemuel_fruit_fields
Swamp:1:  layout_basic_swamp, evilmike_swamp_ruin_house_1
Swamp:2:  layout_basic_swamp, gammafunk_ghost_berserking_beasts,
          serial_swamp_ruin, evilmike_swamp_ruin_house_2,
          evilmike_swamp_ruin_house_4, swamp_pool4, nicolae_swamp_godswood,
          roderic_carrion_pond
Swamp:3:  layout_basic_swamp, evilmike_swamp_ruin_rubble_2, swamp_pool5,
          st_swamp_ruins_2
Swamp:4:  swamp_alternative, layout_basic_swamp
Spider:1: layout_spider_delve, special_room [special_room_bee]
Spider:2: layout_chambers
Spider:3: layout_spider_delve
Spider:4: grunt_spider_rune_circles, uniq_arachne, uniq_bai_suzhen, uniq_roxanne
Orc:1:    layout_diamond_mine, nicolae_orc_lava_tube
Orc:2:    st_orc_congregation, layout_caves, lightli_church_of_beogh,
          uniq_rupert
Elf:1:    layout_gridlike, serial_shops, shop_fountains,
          minmay_elf_annihilation, uniq_jorgrun
Elf:2:    layout_geoelf_grid, basic_altar, serial_sigils,
          serial_sigils_hangedman_scratch, serial_sigils_hangedman_shear,
          serial_sigils_hangedman_writhe, serial_sigils_hangedman_stare,
          minmay_shop_grove, uniq_asterion
Elf:3:    minmay_elf_hall_x, layout_loops_cross
Vaults:1: nicolae_vaults_yaktaur_gun_rack, grunt_vaults_trifunnel,
          vaults_room_guarded_vault, vaults_room_corners,
          nicolae_vaults_little_squares_2, grunt_vaults_hallway_short,
          nicolae_vaults_network_square, v_misc_13,
          ontoclasm_vaults_decontamination, layout_vaults_ring, serial_shops,
          shop
Vaults:2: ontoclasm_vaults_misaligned, vaults_room_ringed_pool, v_misc_12,
          nicolae_vaults_network_s, nicolae_vaults_three_branches,
          layout_vaults_omnigrid
Vaults:3: nicolae_vaults_asterisk, v_misc_11, grunt_vaults_diagonal,
          sword_in_stone, grunt_vaults_funnel, minmay_crypt_entry_necro_gods,
          v_misc_28, v_misc_27, v_misc_33, v_rooms_3, layout_vaults_maze_bifur,
          uniq_saint_roka
Vaults:4: ebering_vaults_ghost_reflecting_pool,
          nicolae_vaults_network_periphery, ontoclasm_vaults_gateway,
          hangedman_vaults_slice, st_cross, hangedman_vaults_corner,
          v_alt_pattern_2, hangedman_vaults_stream, v_alt_pattern_3, v_misc_29,
          layout_vaults_omnicross, serial_shops, shop
Vaults:5

Skill      XL: |  1  2  3  4  5  6  7  8  9 10 11 12 13 14 15 16 17 18 19 20 21 22 23 24 |
---------------+-------------------------------------------------------------------------+-----
Short Blades   | 5 6 7 8 9 11 13 16 | 16.0
Fighting       | 4 5 6 7 8 10 12 13 15 16 17 19 20 21 22 23 24 25 | 25.7
Armour         | 4 5 6 8 9 11 | 11.1
Dodging        | 5 8 9 11 12 13 14 15 16 17 | 17.3
Evocations     | 4 7 9 10 12 13 14 15 17 19 20 | 20.1
Shields        | 4 7 8 9 10 | 10.0
Stealth        | 8 11 13 15 | 15.9

Action                   |  1- 3 |  4- 6 |  7- 9 | 10-12 | 13-15 | 16-18 | 19-21 | 22-24 | 25-27 || total
-------------------------+-------+-------+-------+-------+-------+-------+-------+-------+-------++-------
Melee: Short sword       |    85 |       |       |       |       |       |       |       |       ||    85
       Dagger            |    40 |   130 |    88 |       |       |       |       |       |       ||   258
       Rapier            |       |       |   296 |   235 |       |       |       |       |       ||   531
       Quick blade       |       |       |       |   210 |  1366 |  2236 |  2555 |  2482 |    26 ||  8875
Invok: Berserk           |     2 |     5 |    12 |    16 |    16 |    20 |    19 |    13 |     1 ||   104
       Brothers in Arms  |       |       |       |       |     1 |     1 |     2 |     2 |       ||     6
       Trog's Hand       |       |       |       |       |       |       |       |     1 |       ||     1
 Abil: Evoke Invisibilit |       |       |       |       |       |       |       |     1 |       ||     1
Evoke: Condenser vane    |       |       |       |       |       |       |       |     1 |       ||     1
  Use: Scroll            |       |     7 |     4 |     5 |    11 |    11 |     3 |    10 |       ||    51
       Potion            |       |       |     1 |       |     2 |     5 |     2 |     8 |       ||    18
 Stab: Distracted        |     1 |       |       |     3 |     2 |     6 |     6 |     4 |       ||    22
       Sleeping          |     5 |     5 |     4 |    10 |    31 |    49 |    65 |    12 |       ||   181
       Confused          |       |       |       |       |       |     3 |       |       |       ||     3
       Held in net/web   |       |       |       |       |       |     1 |       |       |       ||     1
       Invisible         |       |       |       |       |       |       |       |     4 |       ||     4
Armor: Animal skin       |    10 |       |       |       |       |       |       |       |       ||    10
       Scale mail        |     3 |       |       |       |       |       |       |       |       ||     3
       Ring mail         |       |    22 |    95 |    21 |       |       |       |       |       ||   138
       Steam dragon scal |       |       |       |    37 |   273 |   316 |   125 |       |       ||   751
       Storm dragon scal |       |       |       |       |       |       |   420 |   273 |       ||   693
       Plate armour      |       |       |       |       |       |       |       |   207 |     7 ||   214
Dodge: Dodged            |    53 |    47 |   180 |   193 |   604 |   829 |   831 |   620 |     4 ||  3361
Block: Buckler           |       |       |       |       |    27 |   432 |   601 |   423 |     3 ||  1486

Table legend: (Time is in decaauts)
 A = Elapsed time spent in this place.
 B = Non-inter-level travel time spent in this place.
 C = Inter-level travel time spent in this place.
 D = Time resting spent in this place.
 E = Time spent auto-exploring this place.
 F = Levels seen in this place.
 G = Mean time per level.
                   A        B        C        D        E       F      G
               +--------+--------+--------+--------+--------+-----+--------+
         Total |  49033 |  45869 |   3164 |   7620 |  31095 |  42 | 1167.5 |
       Dungeon |  19216 |  18070 |   1146 |   4081 |  12079 |  15 | 1281.1 |
        Temple |    142 |    142 |      0 |    140 |      0 |   1 |  142.0 |
          Lair |   7868 |   7140 |    728 |    761 |   5485 |   6 | 1311.3 |
         Swamp |   3583 |   3377 |    206 |    284 |   2490 |   4 |  895.8 |
   Spider Nest |   3725 |   3597 |    128 |    349 |   2505 |   4 |  931.2 |
  Orcish Mines |   2114 |   1777 |    337 |    251 |   1170 |   2 | 1057.0 |
   Elven Halls |   3724 |   3468 |    256 |    473 |   2366 |   3 | 1241.3 |
        Vaults |   7155 |   6795 |    360 |    873 |   4324 |   5 | 1431.0 |
         Sewer |    363 |    363 |      0 |     53 |    264 |   1 |  363.0 |
      Gauntlet |   1138 |   1138 |      0 |    351 |    410 |   1 | 1138.0 |
               +--------+--------+--------+--------+--------+-----+--------+

Top non-repeatable levels by time:
Vaults:4: 1727 daAuts
  Lair:2: 1701 daAuts
     D:1: 1688 daAuts
     D:9: 1608 daAuts
    D:10: 1588 daAuts
     D:4: 1583 daAuts
  Lair:4: 1564 daAuts
Vaults:2: 1542 daAuts
     D:8: 1521 daAuts
     D:7: 1507 daAuts
  Lair:6: 1492 daAuts
   Elf:2: 1431 daAuts
   Orc:2: 1430 daAuts
   Elf:3: 1403 daAuts
Vaults:3: 1360 daAuts
